 Dungeon Crawl Stone Soup version 0.20-a0-51-g027d3fc (webtiles) character file.

142 Faca the Slasher (level 5, -3/36 HPs)
             Began as a High Elf Fighter on Nov 15, 2016.
             Slain by Frostysnwman's ghost (8 damage)
             ... on level 4 of the Dungeon on Nov 16, 2016.
             The game lasted 00:19:21 (3271 turns).

Faca the Slasher (High Elf Fighter)                 Turns: 3271, Time: 00:19:21

Health: -3/36      AC: 10    Str: 15    XL:     5   Next: 3%
Magic:  6/6        EV:  7    Int: 12    God:
Gold:   217        SH:  0    Dex: 15    Spells: 0 memorised, 4 levels left

rFire  . . .     SeeInvis .     q - -1 spear (curse)
rCold  . . .     Gourm    .     b - +0 scale mail
rNeg   . . .     Faith    .     c - +0 shield
rPois  .         Spirit   .     l - +1 helmet
rElec  .         Reflect  .     j - +0 cloak
rCorr  .         Harm     .     (no gloves)
MR     +....                    (no boots)
Stlth  ..........               (no amulet)
                                (no ring)
                                h - ring of protection from magic

@: confused
A: no striking features
a: no special abilities


You were on level 4 of the Dungeon.
You were hungry.

You visited 1 branch of the dungeon, and saw 4 of its levels.

You collected 217 gold pieces.

Inventory:

Hand Weapons
 a - a +0 long sword
 q - a cursed -1 spear (weapon)
Armour
 b - a +0 scale mail (worn)
 c - a +0 shield (worn)
 j - a +0 cloak (worn)
 l - a +1 helmet (worn)
Jewellery
 h - a ring of protection from magic (left hand)
Wands
 n - a wand of flame (27/48)
Scrolls
 r - 3 scrolls of recharging
 s - a scroll of teleportation
 t - 3 scrolls of identify
Potions
 d - a potion of might
 e - a potion of haste {unknown}
 i - 4 potions of lignification
 k - 2 potions of invisibility {unknown}
 m - 2 potions of ambrosia {unknown}
 p - a potion of degeneration {unknown}
Books
 o - Jessica's Reference Book on Execration
   (You found it on level 2 of the Dungeon)

   Spells                             Type                      Level
   a - Confusing Touch                Hexes                        1
   b - Corona                         Hexes                        1
Comestibles
 f - a bread ration
 g - a meat ration


   Skills:
 + Level 3.4 Fighting
 + Level 4.0 Long Blades
 + Level 0.2 Polearms
 + Level 3.3 Armour
 + Level 0.9 Dodging
 + Level 3.6 Shields


You had 4 spell levels left.
You didn't know any spells.

Dungeon Overview and Level Annotations

Branches:
Dungeon (4/15)
 Temple: D:4-7

Altars:
Ashenzari
Dithmenos
Ru

Annotations:
D:4 Frostysnwman's ghost, novice NaVM


Message History

You are engulfed in noxious fumes.
You choke on the stench!
You are confused.
Frostysnwman's ghost barely misses you.
You are too confused!
You are too confused!
You are too confused!
You are engulfed in noxious fumes.
You choke on the stench!
You are more confused.
You are engulfed in noxious fumes.
You choke on the stench!
You are more confused.
Frostysnwman's ghost hits you!
* * * LOW HITPOINT WARNING * * *
You're too confused to move!
You are engulfed in noxious fumes.
You choke on the stench!
You are more confused.
* * * LOW HITPOINT WARNING * * *
Frostysnwman's ghost hits you.
* * * LOW HITPOINT WARNING * * *
You bump into the rock wall.
Frostysnwman's ghost hits you!
You die...

.# #..... ..#
#. #.. ..
##.####
####.#.#
.......
#####......#
#.##...
#.....# #
#.##
#.###.##.####
#... #.#
#........
#.#.
#.###@#######
#.##.#.
#.##..Wa..(#
#.....(
#.###.####.#
######. #.#
### ####. #.#
#.... ##.#
#.#.. #..#
#...# #.##
##.##
#.###### #.#


You could see a worker ant and Frostysnwman's ghost.

Vanquished Creatures
  Jessica (D:2)
  5 adders
  A gnoll (D:1)
  A worm (D:2)
  2 dart slugs (D:1)
  A ball python (D:1)
  7 bats
  A giant cockroach (D:2)
  2 goblins (D:1)
  10 hobgoblins
  5 jackals (D:2)
  4 kobolds
  3 quokkas
  4 frilled lizards
  A jackal skeleton (D:4)
  7 rats
55 creatures vanquished.

Notes
Turn   | Place    | Note
-------+----------+-------------------------------------------
     0 | D:1      | Faca the High Elf Fighter began the quest for the Orb.
     0 | D:1      | Reached XP level 1. HP: 16/16 MP: 2/2
    29 | D:1      | Reached XP level 2. HP: 2/21 MP: 3/3
   962 | D:1      | Reached XP level 3. HP: 26/26 MP: 4/4
  1025 | D:2      | Reached skill level 3 in Long Blades
  1497 | D:2      | Reached XP level 4. HP: 23/31 MP: 5/5
  2083 | D:2      | Noticed Jessica
  2092 | D:2      | Killed Jessica
  2105 | D:2      | Identified Jessica's Reference Book on Execration
  2397 | D:3      | Found a shadowy altar of Dithmenos.
  2941 | D:3      | Found a sacrificial altar of Ru.
  2941 | D:3      | Found a faded altar of an unknown god.
  2947 | D:3      | Found a shattered altar of Ashenzari.
  2949 | D:3      | Found a faded altar of an unknown god.
  2951 | D:3      | Found a faded altar of an unknown god.
  3043 | D:4      | Reached XP level 5. HP: 31/36 MP: 6/6
  3058 | D:4      | Reached skill level 4 in Long Blades
  3252 | D:4      | Noticed Frostysnwman's ghost (novice NaVM)
  3271 | D:4      | Slain by Frostysnwman's ghost

Vault maps used:
D:1:      minmay_arrival_stair_chambers
D:2:      lemuel_upstairs_altar, kennysheep_jessica_study
D:3:      chequers_temple_overflow_minitemple, old_standard_altar, serial_bayou,
          serial_bayou_crossing, serial_bayou_pond_e, serial_bayou_pond_a,
          serial_bayou_pond_c

Skill      XL: |  1  2  3  4  5 |
---------------+----------------+-----
Shields        | 3 |  3.6
Long Blades    | 3 4 |  4.0
Armour         | 3 |  3.3
Fighting       | |  3.4
Polearms       | |  0.2
Dodging        | |  0.9

Action                   |  1- 3 |  4- 6 || total
-------------------------+-------+-------++-------
Melee: Long sword        |   106 |    65 ||   171
       Spear             |       |    76 ||    76
  Use: Scroll            |     3 |     4 ||     7
  Eat: Bread ration      |     1 |       ||     1
       Beef jerky        |       |     2 ||     2
Armor: Scale mail        |    50 |    79 ||   129
Dodge: Dodged            |    33 |    43 ||    76
Block: Shield            |    65 |    75 ||   140
       Rpst.: Long sword |    11 |     8 ||    19
